Map: 골든 월 - 래더

Players

Stats - Winner!

  • Race: Protoss Protoss
  • League: Master
  • Spawn Location: 7:00

Hurricane

  • Race: Protoss Protoss
  • League: Master
  • Spawn Location: 5:00

VOD

Have the link to the VOD?

Description

Time

  • Played on: July 14, 2020, 7:49 a.m.
  • Length: 6:00
Show
View Real Time Build Order
Export as new Build Order

Stats Protoss - Winner!

Build Orders: 1 Gate Expand 

Get SALT Encoding   

  12  0:00  Probe  
  13  0:12  Probe  
  14  0:20  Pylon  
  14  0:24  Probe  
  15  0:34  Probe  
  15  0:39  Gateway  
  15  0:42  Probe  
  16  0:47  Assimilator  
  17  0:52  Probe  
  18  0:59  Assimilator  
  18  1:00  Probe  
  18  1:08  Probe  
  20  1:29  Nexus  
  20  1:39  Cybernetics Core  
  20  1:42  Probe  
  21  1:49  Pylon  
  21  1:54  Probe  
  22  2:06  Probe  
  22  2:07  Stalker  
  23  2:17  Warp Gate  
  23  2:19  Probe  
  26  2:23  Robotics Facility  
  26  2:31  Shield Battery  
  26  2:33  Probe  
  27  2:40  Stalker  
  29  2:46  Probe  
  29  2:47  Probe  
  31  2:58  Probe  
  32  2:59  Probe  
  33  3:09  Gateway, Immortal  
  33  3:10  Sentry  
  39  3:26  Shield Battery  
  40  3:40  Immortal  
  40  3:41  Gateway  
  42  3:56  Shield Battery  
  42  4:04  Sentry  
  42  4:05  Sentry  
  42  4:06  Pylon  
  42  4:08  Pylon  
  46  4:14  Warp Prism  
  46  4:31  Adept x2  
  52  4:38  Adept  
  54  4:50  Immortal  
  58  5:03  Adept x2  
  60  5:08  Zealot  
  60  5:11  Cybernetics Core  
  56  5:25  Zealot  
  58  5:32  Pylon  
  62  5:48  Pylon  
  62  5:53  Pylon  
Show
View Real Time Build Order
Export as new Build Order

Hurricane Protoss 

Build Orders:  

Get SALT Encoding   

  12  0:00  Probe  
  13  0:12  Probe  
  14  0:17  Pylon  
  14  0:24  Probe  
  15  0:32  Probe  
  15  0:39  Gateway  
  15  0:40  Probe  
  16  0:46  Assimilator  
  17  0:51  Probe  
  17  0:55  Assimilator  
  18  1:00  Probe  
  19  1:08  Gateway, Probe  
  19  1:17  Probe  
  21  1:26  Cybernetics Core  
  21  1:30  Probe  
  22  1:38  Pylon  
  22  1:43  Probe  
  24  2:03  Robotics Facility  
  24  2:08  Warp Gate  
  23  2:10  Stalker  
  23  2:14  Stalker  
  27  2:32  Pylon  
  27  2:40  Stalker  
  29  2:51  Immortal  
  33  3:06  Sentry  
  35  3:14  Gateway  
  35  3:15  Pylon  
  35  3:21  Warp Prism  
  37  3:41  Pylon  
  37  3:45  Shield Battery  
  37  3:57  Sentry x2  
  41  4:04  Immortal  
  45  4:20  Sentry  
  45  4:21  Adept x2  
  51  4:32  Pylon  
  51  4:43  Adept, Sentry  
  55  4:48  Pylon  
  55  5:00  Adept  
  57  5:09  Adept x2  
  51  5:15  Immortal  
  45  5:33  Adept, Sentry  
  44  5:50  Adept  
Tags
 
Add a new tag
Caveats
  • Supply blocks, unpowered buildings, or Contaminate may cause inaccurate times.
  • Supply counts are checked every 10 seconds.